 Dungeon Crawl Stone Soup version 0.30-a0-779-g7971cf19c3 (webtiles) character file.

Game seed: 2061761362006021576

1167 testman the Firebug (level 8, -3/41 HPs)
             Began as a Deep Elf Fire Elementalist on Feb 17, 2023.
             Was an Initiate of Sif Muna.
             Slain by an orc warrior
             ... wielding a +0 hand axe
              (5 damage)
             ... on level 5 of the Dungeon.
             The game lasted 00:16:50 (4522 turns).

testman the Firebug (Deep Elf Fire Elementalist)    Turns: 4522, Time: 00:16:50

Health: -3/41      AC:  5    Str:  8    XL:     8   Next: 17%
Magic:  4/19       EV: 12    Int: 23    God:    Sif Muna [......]
Gold:   102        SH:  5    Dex: 15    Spells: 7/19 levels left

rFire   . . .      SeeInvis .    h - +2 dagger (venom)
rCold   . . .      Faith    .    (no shield)
rNeg    . . .      Spirit   .    u - +1 leather armour of Discretion {Str+3}
rPois   .          Reflect  +    (no helmet)
rElec   .          Harm     .    j - +0 cloak
rCorr   .          Rampage  .    (no gloves)
Will    .....                    (no boots)
Stlth   ++                       i - amulet of reflection
HPRegen 0.26/turn                (no ring)
MPRegen 0.16/turn                (no ring)

@: no status effects
A: no striking features
a: Renounce Religion


You were on level 5 of the Dungeon.
You worshipped Sif Muna.
Sif Muna was noncommittal.
You visited 1 branch of the dungeon, and saw 5 of its levels.

You collected 219 gold pieces.
You spent 117 gold pieces at shops.

Inventory:

Hand Weapons
 h - a +2 dagger of venom (weapon)
 A - a +2 short sword of speed
Missiles
 f - 6 poisoned darts
 r - 5 curare-tipped darts
Armour
 a - a +0 robe
 j - a +0 cloak (worn)
 u - the +1 leather armour of Discretion (worn) {Str+3}
   (You found it on level 3 of the Dungeon)

   Str:       It affects your strength (+3).
Jewellery
 i - an amulet of reflection (around neck)
 x - a ring of ice
Wands
 t - a wand of flame (54)
 y - a wand of roots (4)
Scrolls
 c - 3 scrolls of amnesia {unknown}
 g - 3 scrolls of identify {unknown}
 k - a scroll of poison {unknown}
 l - 3 scrolls of teleportation {unknown}
 o - 2 scrolls of vulnerability {unknown}
 q - a scroll of torment {unknown}
 s - 2 scrolls of immolation {unknown}
 B - a scroll of magic mapping {unknown}
Potions
 b - 3 potions of magic
 d - a potion of cancellation {unknown}
 e - a potion of lignification {unknown}
 m - 2 potions of curing {unknown}
 n - a potion of haste {unknown}
 p - 2 potions of attraction {unknown}
 v - 2 potions of heal wounds
 w - 2 potions of degeneration
 z - 2 potions of flight


   Skills:
 - Level 2.4 Dodging
 - Level 2.4 Stealth
 - Level 6.0 Spellcasting
 + Level 5.9 Conjurations
 - Level 3.0 Translocations
 + Level 6.8 Fire Magic
 - Level 3.0 Air Magic


You had 7 spell levels left.
You knew the following spells:

 Your Spells              Type           Power      Damage    Failure   Level
a - Foxfire               Conj/Fire      100%       2x1d9     1%          1
b - Scorch                Fire           76%        2d9       1%          2
c - Flame Wave            Conj/Fire      36%        2d10      9%          4
d - Blink                 Tloc           40%        N/A       5%          2
e - Kindle Blastsparks    Fire/Tloc/Air  52%        2d14      6%          3

Your spell library contained the following spells:

 Spells                   Type           Power      Damage    Failure   Level
 Kiss of Death            Conj/Necr      80%        2d11      3%          1
 Inner Flame              Hex/Fire       22%        N/A       10%         3
 Stone Arrow              Conj/Erth      40%        3d9       11%         3
 Sandblast                Erth           12%        2d6       12%         1
 Passwall                 Tmut/Erth      5%         N/A       19%         2
 Manifold Assault         Tloc           20%        N/A       34%         4
 Storm Form               Tmut/Air       6%         N/A       100%        7


Dungeon Overview and Level Annotations

Branches:
Dungeon (5/15)
 Temple: D:4-7

Altars:
Fedhas
Sif Muna
Trog
Zin

Shops:
D:3 !


Message History

The wyvern is heavily wounded.
The wyvern bites you! The wyvern bites you.
Casting: Scorch (safe; 1% risk of failure)
Confirm with . or Enter, or press ? or * to list all spells.
Flames lash the wyvern.
The wyvern is almost dead.
The wyvern's fire resistance burns away.
The wyvern closely misses you.
An orc comes into view. It is wielding a +0 falchion.
Casting: Scorch (safe; 1% risk of failure)
Confirm with . or Enter, or press ? or * to list all spells.
Flames lash the orc warrior but do no damage.
The wyvern bites you!
* * * LOW HITPOINT WARNING * * *
An orc comes into view. It is wielding a +0 mace.
The wyvern barely misses you. The wyvern attacks as you move away!
The wyvern barely misses you.
There is a stone staircase leading up here.
Casting: Scorch (safe; 1% risk of failure)
Confirm with . or Enter, or press ? or * to list all spells.
The spell is quite dangerous to miscast (10% risk of failure)!
Continue anyway?
Casting: Flame Wave (quite dangerous; 10% risk of failure)
Press: ? - help, Dir - look around, f - activate A wave of flame ripples out!
The flame wave engulfs the wyvern!!
The wyvern is burned terribly!
You kill the wyvern!
Sif Muna accepts your kill.
The flame wave engulfs the ufetubus!
The ufetubus is burned terribly!
You kill the ufetubus!
Sif Muna accepts your kill. (Press . to intensify the flame waves.)
You hear a shout!
Training target 3.0 for Air Magic reached!
Your Air Magic skill increases to level 3!
You need to enable at least one skill for training.
A wave of flame ripples out!
The flame wave engulfs the orc warrior!
The orc warrior is moderately wounded.
The orc warrior hits you with a +0 hand axe.
You die...

.........^. ..
..........##.
#..........
#.........#
#.........#
#......./.#
#.........#
#.....@...#
#.....o...#
#.........#
#...†.)!..#
#.<..oo..>#
.............
#####.....#....
##.###..... #..
.###.


You could see an orc warrior and 2 orcs.

Vanquished Creatures
  A wyvern (D:5)
  2 orc warriors (D:4)
  An ice beast (D:4)
  An ogre (D:3)
  A phantom (D:4)
  A scorpion (D:4)
  A quasit (D:4)
  2 orc priests (D:4)
  Terence (D:3)
  6 orc wizards
  6 adders
  3 gnolls
  2 shadow imps (D:4)
  3 white imps (D:4)
  5 ufetubi
  6 dart slugs
  23 orcs
  A bat (D:1)
  3 endoplasms
  7 goblins
  10 hobgoblins
  6 jackals
  3 quokkas
  7 ball pythons
  2 frilled lizards (D:1)
  8 kobolds
  6 rats
118 creatures vanquished.

Vanquished Creatures (others)
  5 demonic plants (D:4)
  155 foxfires
160 creatures vanquished.

Grand Total: 278 creatures vanquished

Notes
Turn   | Place    | Note
-------+----------+-------------------------------------------
     0 | D:1      | testman the Deep Elf Fire Elementalist began the quest for
                  | the Orb.
     0 | D:1      | Reached XP level 1. HP: 10/10 MP: 6/6
   132 | D:1      | Reached XP level 2. HP: 15/15 MP: 5/8
   366 | D:1      | Learned a level 2 spell: Scorch
   800 | D:2      | Reached XP level 3. HP: 19/19 MP: 8/10
  1679 | D:3      | Identified the +1 leather armour of Discretion {Str+3}
  1819 | D:3      | Reached XP level 4. HP: 24/24 MP: 12/12
  1824 | D:3      | Learned a level 4 spell: Flame Wave
  1892 | D:3      | Found Zucrotom's Distillery.
  1946 | D:3      | Bought a potion of heal wounds for 65 gold pieces
  1946 | D:3      | Bought a potion of degeneration for 13 gold pieces
  2084 | D:3      | Noticed Terence
  2093 | D:3      | Killed Terence
  2299 | D:3      | Reached XP level 5. HP: 28/28 MP: 13/13
  2358 | D:3      | Bought a potion of flight for 39 gold pieces
  2740 | D:4      | Reached skill level 5 in Fire Magic
  2917 | D:4      | Noticed an orc warrior
  3070 | D:4      | Noticed an ogre
  3128 | D:3      | Reached XP level 6. HP: 32/32 MP: 10/14
  3298 | D:4      | Reached skill level 5 in Conjurations
  3368 | D:4      | Noticed an ice beast
  3374 | D:4      | Killed an ice beast
  3375 | D:4      | Reached XP level 7. HP: 36/36 MP: 4/15
  3556 | D:4      | Found a blossoming altar of Fedhas.
  3585 | D:4      | Reached skill level 1 in Translocations
  3658 | D:4      | Reached skill level 5 in Spellcasting
  3985 | D:4      | Learned a level 2 spell: Blink
  3989 | D:4      | Learned a level 3 spell: Kindle Blastsparks
  4183 | D:4      | Found a glowing silver altar of Zin.
  4233 | D:4      | Found a bloodstained altar of Trog.
  4302 | D:4      | Reached XP level 8. HP: 37/41 MP: 15/19
  4332 | D:4      | Found a shimmering blue altar of Sif Muna.
  4336 | D:4      | Got Sif Muna's Spellbook of Shadowy Energy
  4338 | D:4      | Became a worshipper of Sif Muna the Loreminder
  4507 | D:5      | Entered Level 5 of the Dungeon
  4519 | D:5      | HP: 1/41 [wyvern (13)]
  4522 | D:5      | Slain by an orc warrior

Illustrated notes

Levels and vault maps discovered:
D:1:      amcnicky_arrival_choice, layout_loops_ring
D:2:      layout_basic, minmay_tromino_v4_c
D:3:      layout_basic, serial_shops, nicolae_shop_waterfront,
          serial_park_tiny_1, uniq_terence
D:4:      layout_cave_pools, nzn_overflow_gifts_of_might_and_magic, zin_academy,
          fedhas_altar_4, serial_demonic, serial_demonic_d, serial_demonic_e,
          serial_demonic_d, serial_demonic_g, guppyfry_early_orc_mine
D:5:      layout_rooms, mainiacjoe_overflow_cross_hatched,
          lemuel_temple_firewalk_b, serial_shops, shop

Skill      XL: |  1  2  3  4  5  6  7  8 |
---------------+-------------------------+-----
Conjurations   | 2 3 4 5 |  5.9
Fire Magic     | 4 5 6 |  6.8
Spellcasting   | 4 6 |  6.0
Translocations | 3 |  3.0
Air Magic      | 2 3 |  3.0
Dodging        | |  2.4
Stealth        | |  2.4

Action                     |  1- 3 |  4- 6 |  7- 9 || total
---------------------------+-------+-------+-------++-------
  Melee: Staff             |     5 |       |       ||     5
         Dagger            |    55 |    24 |    10 ||    89
         Punch             |       |     1 |     1 ||     2
   Cast: Foxfire           |    18 |    30 |    38 ||    86
         Scorch            |     1 |    30 |    26 ||    57
         Flame Wave        |       |       |     1 ||     1
   Stab: Sleeping          |     8 |     3 |       ||    11
 Armour: Robe              |    10 |       |       ||    10
         Leather armour    |     1 |    13 |     1 ||    15
  Dodge: Dodged            |    18 |    38 |    21 ||    77
  Block: Other             |     6 |    16 |     5 ||    27
         Reflection        |       |     1 |       ||     1

Table legend: (Time is in decaauts)
 A = Elapsed time spent in this place.
 B = Non-inter-level travel time spent in this place.
 C = Inter-level travel time spent in this place.
 D = Time resting spent in this place.
 E = Time spent auto-exploring this place.
 F = Levels seen in this place.
 G = Mean time per level.
                   A        B        C        D        E       F      G
               +--------+--------+--------+--------+--------+-----+--------+
         Total |   4532 |   4323 |    209 |    603 |   3008 |   5 |  906.4 |
       Dungeon |   4532 |   4323 |    209 |    603 |   3008 |   5 |  906.4 |
               +--------+--------+--------+--------+--------+-----+--------+

Top non-repeatable levels by time:
     D:3: 1540 daAuts
     D:4: 1361 daAuts
     D:2: 926 daAuts
     D:1: 689 daAuts
     D:5: 14 daAuts
